 Dungeon Sprint DCSS version 0.30-a0-870-gc5d4c5acee (webtiles) character file.

Game seed: 17353185985389926044

63024853 fozzywoppz the Conqueror (level 21, 176/179 HPs)
             Began as a Gargoyle Fighter on Mar 11, 2023.
             Was the Champion of Jiyva.
             Escaped with the Orb
             ... and 9 runes on Mar 12, 2023!
             The game lasted 00:53:19 (8127 turns).

fozzywoppz the Conqueror (Gargoyle Fighter)         Turns: 8127, Time: 00:53:20

Health: 176/179    AC: 57    Str: 30    XL:     21   Next: 18%
Magic:  28/28      EV: 24    Int: 10    God:    Jiyva [******]
Gold:   456        SH: 18    Dex: 22    Spells: 20/20 levels left

rFire   + + +      SeeInvis .      - Unarmed
rCold   + + .      Faith    .    e - +1 buckler {AC+3}
rNeg    + + .      Spirit   .    b - +4 gold dragon scales
rPois   ∞          Reflect  +    l - +1 hat
rElec   +          Rampage  .    w - +0 cloak
rCorr   +          NoTele   +    a - +0 pair of gloves
Will    ++...                    R - +0 pair of boots "Ceogun" {Stlth+}
Stlth   ++                       n - amulet of reflection
HPRegen 3.69/turn                O - ring "Onahaf" {rC+ rN+ Will+ Str+4}
MPRegen 0.71/turn                D - ring "Retaqin" {rElec Dex+3}

@: flying
A: sickness immunity, AC +16, big wings, negative energy resistance 1,
electricity resistance, torment resistance 1, petrification resistance, agile 1,
fire resistance 2, regeneration 2, robust 1, strong 2, eyeballs 2, translucent
skin 2, jelly absorbing missiles
0: Orb of Zot
}: 9/17 runes: decaying, serpentine, barnacled, slimy, elven, silver, golden,
abyssal, gossamer
a: Renounce Religion, Oozemancy, Slimify


You escaped.
You worshipped Jiyva.
Jiyva was exalted by your worship.
You visited 1 branch You collected 1736 gold pieces.
You spent 1280 gold pieces at shops.

Inventory:

Hand Weapons
 i - a +3 sacred scourge of holy wrath
 m - the +8 dagger of the Scavenger {freeze, rN+ Str+3 Dex-2}
   (You found it in the Dungeon)

   Str:       It affects your strength (+3).
   Dex:       It affects your dexterity (-2).
   rN:        It protects you from negative energy.
 t - a +5 eveningstar of holy wrath
 J - the +8 longbow "Zephyr" {speed, Dex+3 SInv}
   (You found it in the Dungeon)

   Dex:       It affects your dexterity (+3).
   SInv:      It lets you see invisible.
 Q - the +7 great mace "Undeadhunter" {deathbane, rN+}
   (You found it in the Dungeon)

   rN:        It protects you from negative energy.
Missiles
 L - 7 javelins (quivered)
Armour
 a - a +0 pair of gloves (worn)
 b - +4 gold dragon scales (worn)
 e - a +1 buckler of protection (worn)
 l - a +1 hat (worn)
 w - a +0 cloak (worn)
 x - a +0 buckler of positive energy
 M - a +0 kite shield
 R - the +0 pair of boots "Ceogun" (worn) {Stlth+}
   (You found it in the Dungeon)

   Stlth:     It makes you more stealthy.
Jewellery
 n - an amulet of reflection (around neck)
 y - the ring "Kozxyn" {Will+ SInv}
   (You bought it in a shop in the Dungeon)

   [ring of willpower]

   SInv:      It lets you see invisible.
   Will:      It increases your willpower.
 C - the amulet of Egomania {RegenMP Will+ Int+2 Stlth+}
   (You found it in the Dungeon)

   [amulet of magic regeneration]

   It increases your rate of magic regeneration.
   Int:       It affects your intelligence (+2).
   Will:      It increases your willpower.
   Stlth:     It makes you more stealthy.
 D - the ring "Retaqin" (right hand) {rElec Dex+3}
   (You found it in the Dungeon)

   [ring of dexterity]

   Dex:       It affects your dexterity (+3).
   rElec:     It insulates you from electricity.
 N - the ring of Ociul {Contam rElec rC+ rN+ Int+2}
   (You found it in the Dungeon)

   [ring of protection from cold]

   Int:       It affects your intelligence (+2).
   rC:        It protects you from cold.
   rElec:     It insulates you from electricity.
   rN:        It protects you from negative energy.
   Contam:    It causes magical contamination when unequipped.
 O - the ring "Onahaf" (left hand) {rC+ rN+ Will+ Str+4}
   (You found it in the Dungeon)

   [ring of willpower]

   Str:       It affects your strength (+4).
   rC:        It protects you from cold.
   rN:        It protects you from negative energy.
   Will:      It increases your willpower.
 P - the ring "Ecuilyotz" {Drain rPois rN+ rCorr}
   (You found it in the Dungeon)

   [ring of resist corrosion]

   rPois:     It protects you from poison.
   rN:        It protects you from negative energy.
   rCorr:     It protects you from acid and corrosion.
   Drain:     It drains your maximum health when unequipped.
Wands
 k - a wand of roots (4)
Scrolls
 j - 3 scrolls of amnesia
 u - a scroll of fog
 G - 5 scrolls of enchant weapon
Potions
 c - a potion of invisibility
 d - 7 potions of curing
 f - 4 potions of brilliance
 g - 4 potions of magic
 h - a potion of berserk rage
 F - a potion of mutation
 I - 2 potions of lignification
Miscellaneous
 o - a phantom mirror
 p - the horn of Geryon


   Skills:
 O Level 27 Fighting
 + Level 16.0 Maces & Flails
 O Level 27 Throwing
 O Level 27 Armour
 O Level 27 Dodging
 O Level 27 Stealth
 O Level 27 Shields
 O Level 27 Unarmed Combat
 - Level 10.0 Invocations
 + Level 24.8 Evocations


You had 20 spell levels left.
You didn't know any spells.
Your spell library contained the following spells:

 Spells                   Type           Power      Damage    Failure   Level
 Kiss of Death            Conj/Necr      0%         2d5       89%         1
 Wereblood                Tmut           0%         N/A       96%         2
 Confusing Touch          Hex            0%         N/A       99%         3
 Dispel Undead            Necr           0%         3d6       100%        4
 Summon Hydra             Summ           0%         N/A       100%        7
 Sublimation of Blood     Necr           Unusable   N/A       N/A         2

Dungeon Overview and Level Annotations

Branches:
Dungeon (1/1)

Altars:
Cheibriados
Dithmenos
Elyvilon
Fedhas
Gozag
Hepliaklqana
Kikubaaqudgha
Makhleb
Nemelex Xobeh
Okawaru
Qazlal
Ru
Sif Muna
Trog
Uskayaw
Vehumet
Wu Jian
Xom
Yredelemnul
Zin
The Shining One
Jiyva
Lugonu

Shops:
D **(=

Annotations:
D Cerebov, Dispater, Gloorx Vloq, Lom Lobon, Royal Jelly


Innate Abilities, Weirdness & Mutations

You are immune to sickness and miasma.
Your stone body is resilient. (AC +16)
You are immune to poison.
Your large and strong wings let you fly.
You resist negative energy. (rN+)
You are resistant to electric shocks. (rElec)
You are resistant to unholy torment.
You are immune to petrification.
You are agile. (Dex +4, Str/Int -1)
Your flesh is very heat resistant. (rF++)
You heal very quickly.
You are robust. (+10% HP)
Your muscles are very strong. (Str +8, Int/Dex -2)
Your body has grown many eyes which may confuse attackers. (Acc +5)
Your translucent skin reduces your foes' accuracy. (Stealth+)
You have a small jelly attached to you that may absorb projectiles.


Message History

There is a viscous altar of Jiyva here.
There is a hazy altar of Hepliaklqana here.
There is an opulent altar of Gozag here.
There is a blossoming altar of Fedhas here.
There is a white marble altar of Elyvilon here.
There is a shadowy altar of Dithmenos here.
There is a snail-covered altar of Cheibriados here.
There is a roughly hewn altar of Beogh here.
There is an open door to the Temple here.
There is an open door here.
A Tzitzimitl comes into view.
There is an open door to the Dungeon here.
There is a staircase leading out of the dungeon here.
You hit the Tzitzimitl.
The Tzitzimitl is lightly wounded.
You pummel the Tzitzimitl!!
The Tzitzimitl is moderately wounded.
The Tzitzimitl gestures at you. The bolt of negative energy hits you!
You partially resist.
You feel drained.
You miss the Tzitzimitl.
The Tzitzimitl is moderately wounded.
You pummel the Tzitzimitl!!
The Tzitzimitl is heavily wounded.
You block the Tzitzimitl's attack. x2
You punch the Tzitzimitl!
The Tzitzimitl is heavily wounded.
You barely miss the Tzitzimitl.
The Tzitzimitl is heavily wounded.
The Tzitzimitl barely misses you. The Tzitzimitl bites you!
You completely miss the Tzitzimitl.
The Tzitzimitl is heavily wounded.
You pummel the Tzitzimitl!!
The Tzitzimitl is almost dead.
The Tzitzimitl misses you. The Tzitzimitl closely misses you.
You pummel the Tzitzimitl!!
You kill the Tzitzimitl!
Your life force feels restored.
Your Maces & Flails skill increases to level 16!
There is a staircase leading out of the dungeon here.
You have escaped!

..J'......J......▓
▓▓▓▓▓▓▓▓▓▓▓▓▓▓▓▓.▓
.JJ...J..........▓
▓▓▓▓▓▓▓▓▓▓▓▓▓▓▓▓▓▓
.†.......'.†.....▓
▓▓▓▓▓▓▓▓▓▓▓▓▓▓▓▓.▓
............†....▓
▓▓▓▓▓▓▓▓▓▓▓▓▓▓▓▓▓▓
'.....'.....'...@▓
▓▓▓▓▓▓▓▓▓▓▓▓▓▓▓▓▓▓


There were no monsters in sight!

Vanquished Creatures
  A seraph (D)
  4 ancient liches (D)
  5 orbs of fire (D)
  Mennas (D)
  Mara (D)
  A juggernaut (D)
  Sojobo (D)
  A Killer Klown (D)
  6 royal mummies (D)
  Boris (D)
  Xtahua (D)
  Frederick (D)
  Geryon (D)
  A bone dragon (D)
  4 golden dragons (D)
  Jory (D)
  A profane servitor (D)
  An electric golem (D)
  A Tzitzimitl (D)
  9 tentacled monstrosities (D)
  Rupert (D)
  A hellephant (D)
  32 Orb Guardians (D)
  3 pandemonium lords (D)
  6 liches (D)
  A Hell Sentinel (D)
  2 deep elf blademasters (D)
  3 quicksilver dragons (D)
  A deep elf master archer (D)
  3 death cobs (D)
  6 shadow dragons (D)
  Gastronok (D)
  13 sphinxes (D)
  Ilsuiw (D)
  2 storm dragons (D)
  2 tengu reavers (D)
  A daeva (D)
  A frost giant (D)
  3 nagarajas (D)
  A draconian knight (D)
  2 deep elf sorcerers (D)
  4 emperor scorpions (D)
  A draconian scorcher (D)
  3 ghost moths (D)
  Aizul (D)
  A fire giant (D)
  2 balrugs (D)
  A vault warden (D)
  3 draconian shifters (D)
  2 angels (D)
  3 draconian stormcallers (D)
  3 ironbound preservers (D)
  An orc warlord (D)
  5 very ugly things (D)
  7 stone giants (D)
  2 draconian annihilators (D)
  2 green draconians (D)
  A demonspawn black sun (D)
  2 ironbound thunderhulks (D)
  An eleionoma (D)
  2 black draconians (D)
  7 vampire knights (D)
  5 deep elf annihilators (D)
  A yellow draconian (D)
  2 purple draconians (D)
  A lorocyproca (D)
  2 spark wasps (D)
  Azrael (D)
  3 white draconians (D)
  A deep elf death mage (D)
  2 mummy priests (D)
  8 merfolk javelineers (D)
  3 ettins (D)
  2 merfolk impalers (D)
  2 fire dragons (D)
  A shambling mangrove (D)
  2 rakshasas (D)
  4 deep elf high priests (D)
  8 hydras (D)
  2 yaktaur captains (D)
  26 vault guards (D)
  4 ice dragons (D)
  2 spriggan air magi (D)
  3 centaur warriors (D)
  5 ogre magi (D)
  A ghost crab (D)
  2 merfolk avatars (D)
  An ironbound frostheart (D)
  A satyr (D)
  2 merfolk aquamancers (D)
  A radroach (D)
  2 boulder beetles (D)
  4 naga warriors (D)
  An alligator snapping turtle (D)
  2 deep troll shamans (D)
  A tengu warrior (D)
  A thrashing horror (D)
  4 hell hogs (D)
  A shock serpent (D)
  3 hell knights (D)
  4 spriggan berserkers (D)
  Sonja (D)
  5 sun demons (D)
  A skeletal warrior (D)
  A pharaoh ant (D)
  A sun moth (D)
  A cherub (D)
  6 deep trolls (D)
  5 swamp dragons (D)
  A naga ritualist (D)
  A wizard (D)
  A shadow demon (D)
  A lindwurm (D)
  2 orc knights (D)
  3 ironbound convokers (D)
  A necromancer (D)
  A manticore (D)
  12 moths of wrath (D)
  2 cyclopes (D)
  3 black mambas (D)
  2 ugly things (D)
  3 naga magi (D)
  A demonic crawler (D)
  4 guardian serpents (D)
  A vault sentinel (D)
  A gargoyle (D)
  7 cane toads (D)
  A komodo dragon (D)
  A kobold demonologist (D)
  An efreet (D)
  A tormentor (D)
  A freezing wraith (D)
  A red devil (D)
  A wandering mushroom (D)
  20 guardian mummies (D)
  A meliai (D)
  3 trolls (D)
  A hornet (D)
  2 hellwings (D)
  2 tyrant leeches (D)
  A polar bear (D)
  A tarantella (D)
  A wind drake (D)
  3 blink frogs (D)
  3 merfolk (D)
  A raiju (shapeshifter) (D)
  2 jumping spiders (D)
  12 spriggans (D)
  A wraith (D)
  A culicivora (shapeshifter) (D)
  A shadow (D)
  A wyvern (D)
  2 fire elementals (D)
  2 vampire mosquitoes (D)
  3 redbacks (D)
  A neqoxec (D)
  A naga (D)
  3 acid dragons (D)
  A naga (shapeshifter) (D)
  8 hell hounds (D)
  4 water moccasins (D)
  10 orc warriors (D)
  A swamp drake (D)
  A centaur (D)
  A wolf (D)
  4 bullfrogs (D)
  4 small abominations (D)
  A killer bee (D)
  2 quasits (D)
  A hound (D)
  3 orc priests (D)
  7 orc wizards (D)
  A gnoll (D)
  A shadow imp (D)
  An ufetubus (D)
  A worm (D)
  5 orcs (D)
  An endoplasm (D)
  A giant cockroach (D)
  A hobgoblin (D)
  A quokka (D)
  2 frilled lizards (D)
511 creatures vanquished.

Vanquished Creatures (collateral kills)
  A fire giant (D)
  A vault warden (D)
  An ironbound preserver (D)
3 creatures vanquished.

Vanquished Creatures (others)
  3 acid blobs (D)
  A deep elf blademaster (D)
  A rockslime (D)
  A cacodemon (D)
  A great orb of eyes (D)
  An alligator (D)
  A merfolk aquamancer (D)
  2 sixfirhies (D)
  2 glowing orange brains (D)
  A phantasmal warrior (D)
  A swamp dragon (D)
  2 wizards (D)
  A will-o-the-wisp (D)
  A black mamba (D)
  A rust devil (D)
  A naga mage (D)
  2 smoke demons (D)
  A hornet (D)
  A slime creature (D)
  A spriggan (D)
  7 golden eyes (D)
  2 floating eyes (D)
  134 jellies (D)
  A fire vortex (D)
170 creatures vanquished.

Grand Total: 684 creatures vanquished

Notes
Turn   | Place    | Note
-------+----------+-------------------------------------------
     0 | D        | fozzywoppz the Gargoyle Fighter began the quest for the
                  | Orb.
     0 | D        | Reached XP level 1. HP: 14/14 MP: 1/1
    24 | D        | Reached skill level 1 in Dodging
    71 | D        | Noticed a hound
    75 | D        | Reached XP level 2. HP: 10/20 MP: 2/2
    82 | D        | Reached XP level 3. HP: 12/24 MP: 3/3
    93 | D        | Found a snail-covered altar of Cheibriados.
    93 | D        | Found a shadowy altar of Dithmenos.
    93 | D        | Found a white marble altar of Elyvilon.
    93 | D        | Found a blossoming altar of Fedhas.
    93 | D        | Found an opulent altar of Gozag.
    94 | D        | Found a hazy altar of Hepliaklqana.
    95 | D        | Found a viscous altar of Jiyva.
    96 | D        | Found an ancient bone altar of Kikubaaqudgha.
    97 | D        | Found a corrupted altar of Lugonu.
    98 | D        | Found a burning altar of Makhleb.
    99 | D        | Found a sparkling altar of Nemelex Xobeh.
   100 | D        | Found an iron altar of Okawaru.
   101 | D        | Found a stormy altar of Qazlal.
   102 | D        | Found a sacrificial altar of Ru.
   103 | D        | Became a worshipper of Jiyva Joon the Shapeless
   104 | D        | Found a shimmering blue altar of Sif Muna.
   104 | D        | Killed a great orb of eyes
   105 | D        | Found a bloodstained altar of Trog.
   106 | D        | Found a hide-covered altar of Uskayaw.
   107 | D        | Found a radiant altar of Vehumet.
   108 | D        | Found an ornate altar of the Wu Jian Council.
   109 | D        | Found a shimmering altar of Xom.
   110 | D        | Found a basalt altar of Yredelemnul.
   111 | D        | Found a glowing silver altar of Zin.
   112 | D        | Found a glowing golden altar of the Shining One.
   177 | D        | Noticed an acid dragon
   177 | D        | Noticed a kobold demonologist
   177 | D        | Noticed a shadow
   177 | D        | Noticed a killer bee
   177 | D        | Noticed a wyvern
   200 | D        | Killed a wyvern
   201 | D        | Reached skill level 5 in Armour
   201 | D        | Reached skill level 5 in Shields
   201 | D        | Reached XP level 4. HP: 34/34 MP: 4/4
   201 | D        | Reached XP level 5. HP: 38/38 MP: 5/5
   203 | D        | Reached skill level 5 in Dodging
   203 | D        | Reached XP level 6. HP: 44/44 MP: 6/6
   209 | D        | Killed a shadow
   223 | D        | Killed a kobold demonologist
   224 | D        | Reached skill level 10 in Fighting
   224 | D        | Reached XP level 7. HP: 52/52 MP: 7/7
   248 | D        | Noticed a human
   248 | D        | Noticed a centaur warrior
   248 | D        | Noticed a manticore
   248 | D        | Noticed a gargoyle
   248 | D        | Noticed a tengu warrior
   267 | D        | Killed a tengu warrior
   268 | D        | Reached skill level 10 in Unarmed Combat
   268 | D        | Reached XP level 8. HP: 60/60 MP: 8/8
   285 | D        | Killed a gargoyle
   449 | D        | Killed a manticore
   450 | D        | Reached XP level 9. HP: 50/67 MP: 9/9
   459 | D        | Killed a centaur warrior
   460 | D        | Reached skill level 10 in Dodging
   651 | D        | Reached * piety under Jiyva
   720 | D        | Noticed a black mamba
   720 | D        | Noticed a polar bear
   720 | D        | Noticed a komodo dragon
   722 | D        | Noticed a cane toad
   733 | D        | Killed a komodo dragon
   734 | D        | Reached XP level 10. HP: 50/76 MP: 10/10
   749 | D        | Killed a black mamba
   750 | D        | Reached skill level 15 in Fighting
   752 | D        | Killed a cane toad
   775 | D        | Noticed a cane toad
   775 | D        | Noticed a cane toad
   775 | D        | Noticed a cane toad
   782 | D        | Killed a cane toad
   782 | D        | Noticed a boulder beetle
   783 | D        | Reached skill level 15 in Unarmed Combat
   790 | D        | Noticed a cane toad
   804 | D        | Killed a cane toad
   807 | D        | Killed a cane toad
   817 | D        | Killed a cane toad
   832 | D        | Killed a boulder beetle
   833 | D        | Reached XP level 11. HP: 80/84 MP: 11/11
   958 | D        | Noticed Gastronok
   976 | D        | Killed Gastronok
   993 | D        | Reached ** piety under Jiyva
  1029 | D        | Noticed an orc knight
  1044 | D        | Killed an orc knight
  1229 | D        | Found Feippew's Jewellery Boutique.
  1229 | D        | Noticed a deep troll
  1229 | D        | Noticed a deep troll
  1229 | D        | Noticed a deep troll
  1229 | D        | Noticed a deep troll
  1234 | D        | Killed a deep troll
  1235 | D        | Reached skill level 10 in Armour
  1235 | D        | Noticed an ogre mage
  1241 | D        | Noticed a deep troll
  1246 | D        | Killed a deep troll
  1252 | D        | Killed a deep troll
  1263 | D        | Killed a deep troll
  1269 | D        | Reached XP level 12. HP: 71/93 MP: 12/12
  1279 | D        | Noticed an ogre mage
  1288 | D        | Killed an ogre mage
  1289 | D        | Found Panesih's Antique Weapon Shop.
  1305 | D        | Killed an ogre mage
  1308 | D        | Found Keig Ype's Assorted Antiques.
  1312 | D        | Found Veaptohi's Assorted Antiques.
  1315 | D        | Noticed an ogre mage
  1315 | D        | Paralysed by an ogre mage for 3 turns
  1319 | D        | Noticed an ogre mage
  1328 | D        | Killed an ogre mage
  1352 | D        | Killed an ogre mage
  1372 | D        | Bought a scroll labelled KICRUMNYHIYPN for 26 gold pieces
  1372 | D        | Bought a potion of curing for 78 gold pieces
  1375 | D        | Bought a scroll of fog for 112 gold pieces
  1375 | D        | Bought a potion of curing for 84 gold pieces
  1379 | D        | Bought a scroll labelled UTOIGA ZAESAMP for 28 gold pieces
  1384 | D        | Bought a scroll labelled YPUOHI PODDUM for 26 gold pieces
  1391 | D        | Bought an amulet of reflection for 420 gold pieces
  1391 | D        | Bought the ring "Kozxyn" {Will+ SInv} for 506 gold pieces
  1460 | D        | Reached *** piety under Jiyva
  1544 | D        | Gained mutation: Your natural rate of healing is unusually
                  | fast. [Jiyva's grace]
  1544 | D        | Gained mutation: You heal very quickly. [Jiyva's grace]
  1544 | D        | Gained mutation: You regenerate. [Jiyva's grace]
  1544 | D        | Gained mutation: Your translucent skin slightly reduces
                  | your foes' accuracy. (Stealth+) [Jiyva's grace]
  1565 | D        | Noticed an ogre mage
  1569 | D        | Killed an ogre mage
  1570 | D        | Reached skill level 1 in Invocations
  1576 | D        | Noticed a centaur warrior
  1578 | D        | Noticed a rakshasa
  1580 | D        | Noticed a spriggan air mage
  1584 | D        | Noticed a hell knight
  1612 | D        | Killed a centaur warrior
  1616 | D        | Killed a rakshasa
  1624 | D        | Killed a hell knight
  1629 | D        | Noticed a spark wasp
  1630 | D        | Killed a spriggan air mage
  1631 | D        | Reached skill level 5 in Invocations
  1631 | D        | Noticed a stone giant
  1641 | D        | Killed a spark wasp
  1654 | D        | Killed a stone giant
  1655 | D        | Reached XP level 13. HP: 90/101 MP: 17/17
  1736 | D        | Noticed Sonja
  1739 | D        | Reached **** piety under Jiyva
  1747 | D        | Killed Sonja
  1780 | D        | Noticed a merfolk impaler
  1799 | D        | Killed a merfolk impaler
  1940 | D        | Reached skill level 15 in Armour
  1950 | D        | Noticed a shambling mangrove
  1962 | D        | Killed a shambling mangrove
  1967 | D        | Noticed an eleionoma
  1992 | D        | Killed an eleionoma
  2014 | D        | Noticed a spark wasp
  2024 | D        | Reached skill level 10 in Invocations
  2033 | D        | Reached skill level 15 in Dodging
  2061 | D        | Killed a spark wasp
  2162 | D        | Reached ***** piety under Jiyva
  2162 | D        | Noticed Azrael
  2169 | D        | Gained mutation: Your large and strong wings let you fly.
                  | [Gargoyle growth]
  2169 | D        | Reached XP level 14. HP: 86/111 MP: 21/21
  2177 | D        | Killed Azrael
  2220 | D        | Noticed a stone giant
  2220 | D        | Noticed a stone giant
  2220 | D        | Noticed a sphinx
  2232 | D        | Killed a sphinx
  2236 | D        | Noticed a fire giant
  2245 | D        | Killed a stone giant
  2247 | D        | Noticed a fire giant
  2265 | D        | Killed a stone giant
  2292 | D        | Killed a fire giant
  2299 | D        | Killed a fire giant
  2316 | D        | Noticed a lich
  2331 | D        | Killed a lich
  2359 | D        | Noticed a purple very ugly thing
  2359 | D        | Noticed an orc warlord
  2361 | D        | Noticed an ironbound preserver
  2365 | D        | Noticed a vault warden
  2365 | D        | Killed an orc warlord
  2370 | D        | Noticed an ironbound thunderhulk
  2382 | D        | Noticed a purple very ugly thing
  2390 | D        | Killed a purple very ugly thing
  2399 | D        | Killed a vault warden
  2400 | D        | Killed an ironbound preserver
  2415 | D        | Noticed an ironbound thunderhulk
  2425 | D        | Noticed an ironbound preserver
  2428 | D        | Killed a purple very ugly thing
  2429 | D        | Noticed an ironbound preserver
  2445 | D        | Killed an ironbound thunderhulk
  2450 | D        | Killed an ironbound thunderhulk
  2457 | D        | Killed an ironbound preserver
  2469 | D        | Killed an ironbound preserver
  2477 | D        | Noticed a stone giant
  2485 | D        | Reached XP level 15. HP: 103/120 MP: 22/22
  2535 | D        | Noticed Xtahua
  2548 | D        | Paralysed by Xtahua for 5 turns
  2556 | D        | Killed Xtahua
  2570 | D        | Noticed Jory
  2585 | D        | Noticed Boris
  2587 | D        | Killed Jory
  2601 | D        | Killed Boris
  2630 | D        | Lost mutation: Your translucent skin slightly reduces your
                  | foes' accuracy. (Stealth+) [Jiyva's grace]
  2630 | D        | Gained mutation: You are robust. (+10% HP) [Jiyva's grace]
  2630 | D        | Gained mutation: You are very robust. (+20% HP) [Jiyva's
                  | grace]
  2630 | D        | Gained mutation: You are extremely robust. (+30% HP)
                  | [Jiyva's grace]
  2630 | D        | Gained mutation: You are agile. (Dex +4, Str/Int -1)
                  | [Jiyva's grace]
  2679 | D        | Found the +8 longbow "Zephyr" {speed, Dex+3 SInv}
  2819 | D        | Noticed an emperor scorpion
  2819 | D        | Noticed an emperor scorpion
  2819 | D        | Noticed a ghost moth
  2827 | D        | Noticed a ghost moth
  2833 | D        | Killed a ghost moth
  2848 | D        | Killed an emperor scorpion
  2856 | D        | Killed an emperor scorpion
  2862 | D        | Killed a ghost moth
  2864 | D        | Noticed a ghost moth
  2866 | D        | Noticed an emperor scorpion
  2871 | D        | Killed a ghost moth
  2888 | D        | Killed an emperor scorpion
  2889 | D        | Noticed an emperor scorpion
  2912 | D        | Killed an emperor scorpion
  2925 | D        | Got a gossamer rune of Zot
  3012 | D        | Got a decaying rune of Zot
  3019 | D        | Noticed a nagaraja
  3027 | D        | Noticed a nagaraja
  3032 | D        | Killed a nagaraja
  3052 | D        | Noticed a nagaraja
  3058 | D        | Killed a nagaraja
  3084 | D        | Killed a nagaraja
  3099 | D        | Got a serpentine rune of Zot
  3107 | D        | Noticed Ilsuiw
  3134 | D        | Killed Ilsuiw
  3135 | D        | Reached skill level 1 in Throwing
  3141 | D        | Reached XP level 16. HP: 170/170 MP: 23/23
  3188 | D        | Reached skill level 10 in Shields
  3210 | D        | Got a barnacled rune of Zot
  3270 | D        | Noticed Aizul
  3284 | D        | Killed Aizul
  3344 | D        | Reached skill level 5 in Throwing
  3453 | D        | Reached skill level 27 in Fighting
  3523 | D        | Noticed a golden dragon
  3544 | D        | Killed a golden dragon
  3568 | D        | Noticed a shadow dragon
  3598 | D        | Killed a shadow dragon
  3605 | D        | Reached skill level 10 in Throwing
  3618 | D        | Noticed a shadow dragon
  3627 | D        | Killed a shadow dragon
  3698 | D        | Noticed a shadow dragon
  3698 | D        | Noticed a quicksilver dragon
  3698 | D        | Noticed an ancient lich
  3698 | D        | Noticed a lich
  3698 | D        | Noticed a shadow dragon
  3699 | D        | Noticed a golden dragon
  3705 | D        | Noticed a shadow dragon
  3716 | D        | Killed an ancient lich
  3717 | D        | Reached XP level 17. HP: 100/180 MP: 24/24
  3733 | D        | Killed a lich
  3737 | D        | Killed a golden dragon
  3758 | D        | Identified the +8 dagger of the Scavenger {freeze, rN+
                  | Str+3 Dex-2}
  3765 | D        | Killed a quicksilver dragon
  3788 | D        | Got a silver rune of Zot
  3793 | D        | Noticed Sojobo
  3808 | D        | Killed Sojobo
  3818 | D        | Noticed Frederick
  3850 | D        | Killed Frederick
  3851 | D        | Reached skill level 27 in Unarmed Combat
  3898 | D        | Reached ****** piety under Jiyva
  3902 | D        | Noticed Rupert
  3911 | D        | Killed Rupert
  3912 | D        | Gained mutation: You have a small jelly attached to you
                  | that may absorb projectiles. [Jiyva's grace]
  3912 | D        | Gained mutation: Your melee attacks may engulf your foes in
                  | ooze. [Jiyva's grace]
  3912 | D        | Gained mutation: Your translucent skin slightly reduces
                  | your foes' accuracy. (Stealth+) [Jiyva's grace]
  3912 | D        | Gained mutation: Your translucent skin reduces your foes'
                  | accuracy. (Stealth+) [Jiyva's grace]
  3948 | D        | Got the amulet of Egomania {RegenMP Will+ Int+2 Stlth+}
  3950 | D        | Got the ring "Retaqin" {rElec Dex+3}
  3951 | D        | Found the +7 great mace "Undeadhunter" {deathbane, rN+}
  3952 | D        | Got the ring of Ociul {Contam rElec rC+ rN+ Int+2}
  3954 | D        | Got the ring "Onahaf" {rC+ rN+ Will+ Str+4}
  3956 | D        | Got the ring "Ecuilyotz" {Drain rPois rN+ rCorr}
  3957 | D        | Found the +5 woodcutter's axe
  3978 | D        | Got the +0 pair of boots "Ceogun" {Stlth+}
  4025 | D        | Noticed Mara
  4037 | D        | Noticed fozzywoppz's illusion
  4057 | D        | Killed Mara
  4067 | D        | Noticed Mennas
  4100 | D        | Killed Mennas
  4190 | D        | Reached skill level 15 in Throwing
  4202 | D        | Reached skill level 27 in Armour
  4223 | D        | Reached skill level 1 in Stealth
  4234 | D        | Noticed a bone dragon
  4254 | D        | Noticed a golden dragon
  4263 | D        | Killed a bone dragon
  4264 | D        | Reached skill level 5 in Stealth
  4276 | D        | Killed a golden dragon
  4318 | D        | Noticed a tentacled monstrosity
  4318 | D        | Noticed a tentacled monstrosity
  4318 | D        | Noticed a quicksilver dragon
  4328 | D        | Killed a quicksilver dragon
  4335 | D        | Killed a tentacled monstrosity
  4342 | D        | Killed a tentacled monstrosity
  4366 | D        | Noticed a tentacled monstrosity
  4366 | D        | Noticed a tentacled monstrosity
  4371 | D        | Noticed a tentacled monstrosity
  4371 | D        | Noticed a death cob
  4377 | D        | Killed a tentacled monstrosity
  4378 | D        | Reached skill level 10 in Stealth
  4378 | D        | Reached XP level 18. HP: 188/188 MP: 25/25
  4390 | D        | Killed a tentacled monstrosity
  4400 | D        | Killed a tentacled monstrosity
  4439 | D        | Noticed a tentacled monstrosity
  4469 | D        | Killed a tentacled monstrosity
  4477 | D        | Reached skill level 15 in Shields
  4516 | D        | Noticed a quicksilver dragon
  4516 | D        | Noticed a Killer Klown
  4533 | D        | Killed a quicksilver dragon
  4545 | D        | Killed a Killer Klown
  4639 | D        | Gained mutation: Your flesh is heat resistant. (rF+)
                  | [Jiyva's grace]
  4639 | D        | Gained mutation: Your flesh is very heat resistant. (rF++)
                  | [Jiyva's grace]
  4639 | D        | Gained mutation: Your flesh is almost immune to the effects
                  | of heat. (rF+++) [Jiyva's grace]
  4639 | D        | Gained mutation: You are partially covered in large bone
                  | plates. (SH +4) [Jiyva's grace]
  4678 | D        | Noticed an Orb Guardian
  4678 | D        | Noticed an Orb Guardian
  4678 | D        | Noticed an Orb Guardian
  4678 | D        | Noticed an Orb Guardian
  4678 | D        | Noticed an Orb Guardian
  4678 | D        | Noticed an Orb Guardian
  4680 | D        | Noticed an Orb Guardian
  4684 | D        | Killed an Orb Guardian
  4685 | D        | Reached skill level 15 in Stealth
  4688 | D        | Killed an Orb Guardian
  4696 | D        | Killed an Orb Guardian
  4707 | D        | Killed an Orb Guardian
  4718 | D        | Killed an Orb Guardian
  4725 | D        | Killed an Orb Guardian
  4730 | D        | Killed an Orb Guardian
  4732 | D        | Noticed an Orb Guardian
  4733 | D        | Noticed an Orb Guardian
  4734 | D        | Noticed an Orb Guardian
  4742 | D        | Killed an Orb Guardian
  4746 | D        | Killed an Orb Guardian
  4751 | D        | Killed an Orb Guardian
  4758 | D        | Noticed an Orb Guardian
  4758 | D        | Noticed an Orb Guardian
  4758 | D        | Noticed a tentacled monstrosity
  4758 | D        | Noticed a tentacled monstrosity
  4764 | D        | Killed a tentacled monstrosity
  4765 | D        | Reached skill level 1 in Evocations
  4765 | D        | Noticed an Orb Guardian
  4772 | D        | Killed a tentacled monstrosity
  4774 | D        | Noticed an Orb Guardian
  4778 | D        | Killed an Orb Guardian
  4786 | D        | Killed an Orb Guardian
  4802 | D        | Killed an Orb Guardian
  4805 | D        | Killed an Orb Guardian
  4814 | D        | Noticed an ancient lich
  4819 | D        | Killed an ancient lich
  4820 | D        | Reached skill level 5 in Evocations
  4822 | D        | Noticed an orb of fire
  4832 | D        | Killed an orb of fire
  4835 | D        | Noticed an electric golem
  4837 | D        | Killed an electric golem
  4839 | D        | Noticed a tentacled monstrosity
  4839 | D        | Noticed an orb of fire
  4839 | D        | Noticed an Orb Guardian
  4839 | D        | Noticed an Orb Guardian
  4839 | D        | Noticed an Orb Guardian
  4840 | D        | Noticed an Orb Guardian
  4843 | D        | Killed an Orb Guardian
  4844 | D        | Reached XP level 19. HP: 196/196 MP: 26/26
  4846 | D        | Noticed an orb of fire
  4859 | D        | Killed an orb of fire
  4862 | D        | Noticed a Killer Klown
  4870 | D        | Killed an orb of fire
  4871 | D        | Noticed a golden dragon
  4874 | D        | Noticed an orb of fire
  4879 | D        | Killed a tentacled monstrosity
  4881 | D        | Noticed an orb of fire
  4891 | D        | Noticed a Killer Klown
  4894 | D        | Killed an orb of fire
  4896 | D        | Lost mutation: Your melee attacks may engulf your foes in
                  | ooze. [an orb of fire]
  4901 | D        | Killed an orb of fire
  4902 | D        | Reached skill level 10 in Evocations
  4911 | D        | a Killer Klown changed into a juggernaut
  4911 | D        | Noticed a juggernaut
  4917 | D        | Killed a golden dragon
  4924 | D        | Killed a juggernaut
  4938 | D        | a Killer Klown changed into a rockslime
  4979 | D        | Reached skill level 27 in Dodging
  5127 | D        | Noticed an ancient lich
  5131 | D        | Noticed an ancient lich
  5146 | D        | Killed an ancient lich
  5172 | D        | Killed an ancient lich
  5256 | D        | Reached skill level 15 in Evocations
  5280 | D        | Reached XP level 20. HP: 204/204 MP: 27/27
  5373 | D        | Got an elven rune of Zot
  5388 | D        | Noticed the Royal Jelly
  5393 | D        | Got a slimy rune of Zot
  5510 | D        | Paralysed by a sphinx for 3 turns
  5621 | D        | Noticed a royal mummy
  5634 | D        | Reached skill level 27 in Stealth
  5649 | D        | Killed a royal mummy
  5679 | D        | Noticed a royal mummy
  5679 | D        | Noticed a royal mummy
  5679 | D        | Noticed a royal mummy
  5679 | D        | Noticed a royal mummy
  5693 | D        | Killed a royal mummy
  5694 | D        | Reached skill level 27 in Shields
  5700 | D        | Killed a royal mummy
  5707 | D        | Killed a royal mummy
  5716 | D        | Killed a royal mummy
  5718 | D        | Noticed a royal mummy
  5731 | D        | Killed a royal mummy
  5736 | D        | Reached skill level 27 in Throwing
  5739 | D        | Got a golden rune of Zot
  5743 | D        | Lost mutation: You are partially covered in large bone
                  | plates. (SH +4) [Jiyva's grace]
  5743 | D        | Lost mutation: Your flesh is almost immune to the effects
                  | of heat. (rF+++) [Jiyva's grace]
  5743 | D        | Lost mutation: You regenerate. [Jiyva's grace]
  5743 | D        | Lost mutation: You are extremely robust. (+30% HP) [Jiyva's
                  | grace]
  5743 | D        | Lost mutation: You are very robust. (+20% HP) [Jiyva's
                  | grace]
  5743 | D        | Gained mutation: Your muscles are strong. (Str +4, Int/Dex
                  | -1) [Jiyva's grace]
  5743 | D        | Gained mutation: Your muscles are very strong. (Str +8,
                  | Int/Dex -2) [Jiyva's grace]
  5743 | D        | Gained mutation: Your body has grown eyes which may confuse
                  | attackers. (Acc +3) [Jiyva's grace]
  5743 | D        | Gained mutation: Your body has grown many eyes which may
                  | confuse attackers. (Acc +5) [Jiyva's grace]
  5779 | D        | Got an abyssal rune of Zot
  5912 | D        | Noticed Geryon
  5921 | D        | Killed Geryon
  5924 | D        | Noticed Gloorx Vloq
  5924 | D        | Found the +6 sword of Cerebov {flame}
  5924 | D        | Noticed Cerebov
  5925 | D        | Noticed Lom Lobon
  5929 | D        | Noticed Dispater
  6323 | D        | Got the Orb of Zot
  6563 | D        | Noticed a seraph
  6590 | D        | Killed a seraph
  7070 | D        | Noticed Biot the pandemonium lord
  7084 | D        | Killed Biot the pandemonium lord
  7100 | D        | Noticed Ketuv the pandemonium lord
  7106 | D        | Reached skill level 10 in Maces & Flails
  7127 | D        | Killed Ketuv the pandemonium lord
  7206 | D        | Noticed a hellephant
  7233 | D        | Killed a hellephant
  7479 | D        | Noticed Bionauci the pandemonium lord
  7499 | D        | Killed Bionauci the pandemonium lord
  7500 | D        | Reached XP level 21. HP: 179/179 MP: 28/28
  7894 | D        | Noticed a profane servitor
  7903 | D        | Killed a profane servitor
  7945 | D        | Reached skill level 15 in Maces & Flails
  8127 | D        | Escaped with the Orb!

Illustrated notes

Levels and vault maps discovered:
D:        linesprint [early_d, line_temple, items_1, d_10, items_2, lair_1,
          lair_end, items_3, orc_1, orc_end, items_4, d_15, swamp_1, shoals_1,
          snake_1, spider_1, d_20, vaults_1, items_5, swamp_end, shoals_end,
          snake_end, spider_end, vaults_end, d_27, items_6, zot_1, zot_end,
          crypt_end, forest_end, elf_end, slime_end, tomb_end, abyss_end,
          pan_hell_end]

Skill      XL: |  1  2  3  4  5  6  7  8  9 10 11 12 13 14 15 16 17 18 19 20 21 |
---------------+----------------------------------------------------------------+-----
Dodging        | 1 2 4 5 7 8 9 10 12 13 15 17 19 21 23 26 27 | 27.0
Fighting       | 4 7 10 11 12 14 16 18 20 21 23 25 27 | 27.0
Armour         | 4 5 6 10 13 16 19 21 24 27 | 27.0
Shields        | 4 5 9 10 13 19 24 27 | 27.0
Unarmed Combat | 3 6 7 9 10 11 13 15 17 18 20 22 24 26 27 | 27.0
Invocations    | 6 10 | 10.0
Throwing       | 1 11 16 20 24 27 | 27.0
Stealth        | 10 19 24 27 | 27.0
Evocations     | 7 15 23 24 | 24.8
Maces & Flails | 12 16 | 16.0

Action                     |  1- 3 |  4- 6 |  7- 9 | 10-12 | 13-15 | 16-18 | 19-21 || total
---------------------------+-------+-------+-------+-------+-------+-------+-------++-------
  Melee: Unarmed           |    50 |    22 |    87 |   414 |   800 |   884 |   779 ||  3036
  Throw: Javelin           |       |       |       |       |       |    14 |    10 ||    24
 Invoke: Slimify           |       |       |       |       |     1 |       |     2 ||     3
  Evoke: Wand              |     1 |       |     2 |     1 |     2 |       |       ||     6
    Use: Potion            |     3 |       |     3 |       |     1 |       |     8 ||    15
         Scroll            |     1 |       |     2 |     3 |       |     5 |     4 ||    15
   Stab: Sleeping          |       |       |       |       |       |     2 |     2 ||     4
         Confused          |       |       |       |       |       |       |     4 ||     4
         Distracted        |       |       |       |       |       |       |     2 ||     2
 Armour: Scale mail        |    10 |       |       |       |       |       |       ||    10
         Ring mail         |     5 |     4 |    53 |    54 |       |       |       ||   116
         Chain mail        |       |       |       |    99 |   316 |    47 |       ||   462
         Plate armour      |       |       |       |       |       |    98 |       ||    98
         Gold dragon scale |       |       |       |       |       |    86 |   138 ||   224
  Dodge: Dodged            |    13 |     6 |    53 |   149 |   295 |   223 |   162 ||   901
  Block: Buckler           |     7 |       |    27 |    95 |   305 |   278 |   335 ||  1047
         Reflection        |       |       |       |     3 |    11 |     3 |    14 ||    31

Table legend: (Time is in decaauts)
 A = Elapsed time spent in this place.
 B = Non-inter-level travel time spent in this place.
 C = Inter-level travel time spent in this place.
 D = Time resting spent in this place.
 E = Time spent auto-exploring this place.
 F = Levels seen in this place.
 G = Mean time per level.
                   A        B        C        D        E       F      G
               +--------+--------+--------+--------+--------+-----+--------+
         Total |   6928 |   5924 |   1004 |    258 |    283 |   1 | 6928.0 |
       Dungeon |   6928 |   5924 |   1004 |    258 |    283 |   1 | 6928.0 |
               +--------+--------+--------+--------+--------+-----+--------+

Top non-repeatable levels by time:
       D: 6928 daAuts
